 Dungeon Crawl Stone Soup version 0.20-a0-513-g02c11fc (webtiles) character file.

78063 HEYYEYAAE the Bludgeoner (level 15, -20/186 HPs)
             Began as a Troll Berserker on Jan 22, 2017.
             Was the Champion of Trog.
             Hit by a large rock thrown by a cyclops (37 damage)
             ... on level 2 of the Orcish Mines.
             The game lasted 00:46:38 (19284 turns).

HEYYEYAAE the Bludgeoner (Troll Berserker)         Turns: 19284, Time: 00:46:39

Health: -20/186    AC: 14    Str: 39    XL:     15   Next: 17%
Magic:  0/10       EV: 10    Int:  8    God:    Trog [******]
Gold:   2122       SH:  0    Dex:  9    Spells: 14/14 levels left

rFire    . . .     SeeInvis .   a - +12 giant club (antimagic)
rCold    . . .     Gourm    +   x - +0 steam dragon scales
rNeg     . . .     Faith    .   (shield currently unavailable)
rPois    +         Spirit   +   y - +3 hat of Pondering {ponderous, MR+ MP+10 Int+5}
rElec    .         Reflect  .   O - +2 cloak
rCorr    .         Harm     .   (gloves unavailable)
MR       +++..                  (boots unavailable)
Stlth    ..........             R - amulet of guardian spirit
Regen    0.9/turn               t - ring of poison resistance
                                z - ring of protection from magic

@: berserking, very quick
A: unfitting armour, claws 3, fast metabolism 3, gourmand, regeneration 1,
shaggy fur 1, tough skin 2
a: Berserk, Trog's Hand, Brothers in Arms, Burn Spellbooks, Renounce Religion


You were on level 2 of the Orcish Mines.
You worshipped Trog.
Trog was exalted by your worship.
You were very full.

You visited 3 branches of the dungeon, and saw 21 of its levels.

You collected 2122 gold pieces.

Inventory:

Hand Weapons
 a - a +12 antimagic giant club (weapon)
 r - a +3 great mace of holy wrath
Missiles
 g - 30 large rocks (quivered)
Armour
 x - +0 steam dragon scales (worn)
 y - the +3 hat of Pondering (worn) {ponderous, MR+ MP+10 Int+5}
   (You found it on level 4 of the Dungeon)

   It affects your intelligence (+5).
   It affects your resistance to hostile enchantments.
   It affects your magic capacity (+10).
 C - a +2 robe of positive energy
 O - a +2 cloak (worn)
Jewellery
 k - an uncursed ring of wizardry
 l - an uncursed ring of ice
 p - an uncursed ring of fire
 t - a ring of poison resistance (right claw)
 z - a ring of protection from magic (left claw)
 Q - an uncursed ring of see invisible
 R - an amulet of guardian spirit (around neck)
Wands
 b - a wand of lightning (7/15)
 f - a wand of disintegration (11/24)
 u - a wand of lightning (7/15)
 A - a wand of lightning (9/15)
 H - a wand of acid (6/15)
 U - a wand of acid (3/15)
 W - a wand of acid (2/15)
 X - a wand of iceblast (5/15)
Scrolls
 e - 4 scrolls of magic mapping
 h - 7 scrolls of enchant weapon
 m - 3 scrolls of fog
 n - 3 scrolls of teleportation
 q - 4 scrolls of blinking
 v - 2 scrolls of enchant armour
 w - 6 scrolls of remove curse
 B - 2 scrolls of recharging
 G - a scroll of immolation
Potions
 i - 4 potions of curing
 o - 3 potions of ambrosia
 s - 6 potions of resistance
 E - a potion of invisibility {unknown}
 F - a potion of heal wounds
 J - a potion of agility
 K - a potion of cancellation
 L - 4 potions of flight {unknown}
 M - 2 potions of mutation {unknown}
 N - a potion of lignification {unknown}
 P - 2 potions of might
 V - 3 potions of degeneration {unknown}
 Y - 3 potions of berserk rage
 Z - a potion of haste {unknown}
Miscellaneous
 D - a lamp of fire
 I - a lightning rod (4/4)
 T - a sack of spiders
Comestibles
 c - 19 bread rations
 d - 19 meat rations
 j - 12 royal jellies
 S - 26 fruits


   Skills:
 + Level 2.7 Fighting
 * Level 19.4 Maces & Flails
 + Level 1.2 Armour
 + Level 2.6 Dodging
 + Level 11.4 Evocations


You had 14 spell levels left.
You didn't know any spells.

Dungeon Overview and Level Annotations

Branches:
Dungeon (13/15)            Temple (0/1) D:7            Lair (6/6) D:10
 Shoals (0/4) Lair:4       Spider (0/4) Lair:3        Slime (0/5) Lair:6
    Orc (2/2) D:11
    Elf: Orc:2       Vaults: D:13-14

Altars:
Elyvilon
Fedhas
Gozag
Nemelex Xobeh
Ru
Jiyva

Shops:
D:7 (   Orc:1 %   Orc:2 *


Innate Abilities, Weirdness & Mutations

You are too large for most types of armour.
You have claws for hands.
Your metabolism is lightning-fast.
You like to eat raw meat.
Your natural rate of healing is unusually fast.
You are covered in fur. (AC +1)
You have very tough skin. (AC +2)


Message History

You kill the cyclops!
Trog accepts your kill.
Unknown command.
A red film seems to cover your vision as you go berserk!
You feel yourself moving faster!
You feel mighty!
The ettin hits you with a dire flail!! x2
Unknown command.
You bludgeon the ettin!!
The ettin is heavily wounded.
The ettin hits you with a dire flail!!!
* * * LOW HITPOINT WARNING * * *
The ettin hits you with a dire flail!!
* * * LOW HITPOINT WARNING * * *
You hammer the ettin like a gong!!!!
You feel the power of Trog in you as your rage grows.
You kill the ettin!
Trog accepts your kill.
Your lightning rod (4/4) has recharged.
The cyclops throws a large rock.
The large rock hits you!!!
You die...

#......................
..........$..........#.
.......................
#..........(...........
.........(............
#.#...................
#..............$.....
#..##.(..$.......... ..
#..@............
##.#...........
##..C#.......
#....P.P.. #...P....
#..P... ...P.. .P...∩


You could see a cyclops.

Vanquished Creatures
  An ettin (Orc:2)
  A great orb of eyes (D:12)
  An ice dragon (Lair:6)
  7 hydras
  A catoblepas (Lair:6)
  2 two-headed ogres (D:8)
  A centaur warrior (D:12)
  7 death yaks
  The ghost of mopl the Carver, a novice BaFi of Cheibriados (D:7)
  Nergalle (D:10)
  4 hell knights (D:12)
  An unseen horror (D:10)
  2 skeletal warriors (D:12)
  2 wizards (D:12)
  2 lindwurms (Lair:6)
  An orc knight (Orc:1)
  A manticore (D:13)
  A necromancer (D:12)
  4 oklob plants (Lair:1)
  2 orc sorcerers (Orc:2)
  A wolf spider (Lair:6)
  5 cyclopes
  2 ugly things
  A rust devil (D:12)
  A guardian serpent (Lair:6)
  An elephant (Lair:5)
  Maurice (D:12)
  Joseph (D:8)
  7 black mambas
  A centaur zombie (D:12)
  7 torpor snails
  16 spiny frogs
  3 rime drakes
  11 komodo dragons
  2 kobold demonologists (D:13)
  A troll (D:10)
  3 meliai (D:13)
  2 polar bears
  3 tyrant leeches (Lair:6)
  Grinder (D:3)
  9 hornets
  5 blink frogs (Lair:4)
  5 slime creatures (D:12)
  2 dream sheep (D:9)
  12 hippogriffs
  Sigmund (D:4)
  3 redbacks (Lair:6)
  35 yaks
  11 wyverns
  A wraith (D:11)
  2 hogs (Lair:4)
  5 basilisks
  2 hungry ghosts
  A steam dragon (Lair:4)
  Menkaure (D:7)
  2 wargs (Orc:1)
  4 porcupines
  13 water moccasins
  7 hell hounds (D:12)
  13 orc warriors
  4 sky beasts
  2 eyes of draining
  2 ice beasts
  A phantom (D:5)
  10 ogres
  7 centaurs
  22 crocodiles
  6 big kobolds
  16 bullfrogs
  A wyvern zombie (D:9)
  A wyvern skeleton (D:10)
  3 scorpions
  32 killer bees (Lair:5)
  12 wights
  6 electric eels
  2 howler monkeys
  7 crimson imps
  5 jellies
  2 quasits
  4 hounds
  11 orc wizards
  A bullfrog skeleton (D:8)
  14 orc priests
  7 centaur skeletons
  4 iguanas
  Natasha (thrice) (D:2)
  Ijyb (D:3)
  7 hell rats (Lair:3)
  10 worker ants
  A hound zombie (D:6)
  3 hound skeletons
  3 gnolls (D:3)
  12 adders
  4 shadow imps
  5 worms
  2 dart slugs
  4 leopard geckos
  39 orcs
  5 bats
  8 giant cockroaches
  7 goblins
  6 hobgoblins
  5 jackals
  8 quokkas
  3 frilled lizards
  A jackal skeleton (D:4)
  26 kobolds
  A leopard gecko skeleton (D:7)
  3 rats
  4 plants
600 creatures vanquished.

Vanquished Creatures (collateral kills)
  Kirke (Lair:4)
  4 elephants (Lair:5)
  A spiny frog (Lair:5)
  4 yaks
  3 hogs (Lair:4)
  A water moccasin (Lair:5)
  16 killer bees (Lair:5)
30 creatures vanquished.

Vanquished Creatures (others)
  16 fungi
  29 plants
45 creatures vanquished.

Grand Total: 675 creatures vanquished

Notes
Turn   | Place    | Note
-------+----------+-------------------------------------------
     0 | D:1      | HEYYEYAAE the Troll Berserker began the quest for the Orb.
     0 | D:1      | Reached XP level 1. HP: 22/22 MP: 0/0
    42 | D:1      | Reached skill level 3 in Maces & Flails
   102 | D:1      | Reached XP level 2. HP: 29/29 MP: 1/1
   816 | D:1      | Reached XP level 3. HP: 36/36 MP: 2/2
   929 | D:1      | Reached ** piety under Trog
  1051 | D:2      | Reached skill level 4 in Maces & Flails
  1119 | D:2      | Noticed Natasha
  1128 | D:2      | Killed Natasha
  1130 | D:2      | Reached XP level 4. HP: 44/44 MP: 3/3
  1138 | D:2      | Noticed Natasha
  1148 | D:2      | Killed Natasha
  1158 | D:2      | Noticed Natasha
  1168 | D:2      | Killed Natasha
  1168 | D:2      | Reached skill level 5 in Maces & Flails
  1338 | D:2      | Reached XP level 5. HP: 50/50 MP: 4/4
  1398 | D:2      | Found a sacrificial altar of Ru.
  1405 | D:2      | Found an opulent altar of Gozag.
  1805 | D:3      | Noticed Ijyb
  1812 | D:3      | Killed Ijyb
  1812 | D:3      | Reached skill level 6 in Maces & Flails
  1870 | D:3      | Noticed Grinder
  1877 | D:3      | Paralysed by Grinder for 5 turns
  1888 | D:3      | Paralysed by Grinder for 7 turns
  1912 | D:3      | Killed Grinder
  1912 | D:3      | Reached skill level 7 in Maces & Flails
  1912 | D:3      | Reached XP level 6. HP: 42/59 MP: 5/5
  2435 | D:4      | Reached XP level 7. HP: 66/66 MP: 5/6
  2693 | D:4      | Reached skill level 8 in Maces & Flails
  2695 | D:4      | Reached *** piety under Trog
  2700 | D:4      | Got a crystal spear
  2724 | D:4      | Identified the +2 spear of Checks and Balances {drain, Dex+2} (You found it on level 4 of the Dungeon)
  2866 | D:4      | Noticed Sigmund
  2982 | D:4      | Killed Sigmund
  3018 | D:4      | Found a white marble altar of Elyvilon.
  3043 | D:4      | Reached skill level 9 in Maces & Flails
  3043 | D:4      | Reached XP level 8. HP: 32/74 MP: 7/7
  3279 | D:5      | Entered Level 5 of the Dungeon
  4005 | D:6      | Reached skill level 1 in Evocations
  4195 | D:6      | Found a sparkling altar of Nemelex Xobeh.
  4275 | D:6      | Reached skill level 10 in Maces & Flails
  4298 | D:6      | Reached **** piety under Trog
  4709 | D:7      | Found a staircase to the Ecumenical Temple.
  4709 | D:7      | Noticed Menkaure
  4775 | D:7      | Killed Menkaure
  4885 | D:7      | Found Jummimio's Weapon Shop.
  4897 | D:7      | Noticed a hippogriff
  4904 | D:7      | Killed a hippogriff
  4904 | D:7      | Reached XP level 9. HP: 76/80 MP: 10/10
  5148 | D:7      | Noticed mopl's ghost (novice BaFi)
  5374 | D:8      | Reached skill level 11 in Maces & Flails
  5733 | D:8      | Noticed Joseph
  5745 | D:8      | HP: 2/80 [Joseph/sling bullet (17)]
  5748 | D:8      | Killed Joseph
  5812 | D:8      | Noticed a two-headed ogre
  5818 | D:8      | Killed a two-headed ogre
  5881 | D:8      | Reached XP level 10. HP: 88/88 MP: 12/12
  5976 | D:8      | Noticed a two-headed ogre
  5983 | D:8      | Killed a two-headed ogre
  5983 | D:8      | Reached skill level 12 in Maces & Flails
  6095 | D:7      | Killed mopl's ghost
  6095 | D:7      | Reached skill level 5 in Evocations
  6960 | D:9      | Reached ***** piety under Trog
  7046 | D:9      | Reached skill level 13 in Maces & Flails
  7208 | D:9      | Noticed a three-headed hydra
  7225 | D:9      | Killed a three-headed hydra
  7225 | D:9      | Reached XP level 11. HP: 9/94 MP: 3/14
  7455 | D:9      | Found a blossoming altar of Fedhas.
  7476 | D:10     | Entered Level 10 of the Dungeon
  7584 | D:10     | Paralysed by a hornet for 1 turns
  7844 | D:10     | Found a staircase to the Lair.
  7958 | D:10     | Reached skill level 14 in Maces & Flails
  8069 | D:10     | Killed an unseen horror
  8714 | D:11     | Found an opulent altar of Gozag.
  8935 | D:11     | Found a staircase to the Orcish Mines.
  9104 | D:11     | Noticed a purple ugly thing
  9110 | D:11     | Killed a purple ugly thing
  9244 | D:12     | Noticed Maurice
  9275 | D:12     | Killed Maurice
  9351 | D:12     | Found a runed door.
  9352 | D:12     | Noticed a purple ugly thing
  9363 | D:12     | Killed a purple ugly thing
  9363 | D:12     | Reached skill level 15 in Maces & Flails
  9363 | D:12     | Reached XP level 12. HP: 104/104 MP: 16/16
  9805 | D:12     | Noticed a great orb of eyes
  9809 | D:12     | Killed a great orb of eyes
  9828 | D:12     | Received a gift from Trog
 10124 | D:12     | Reached skill level 16 in Maces & Flails
 10298 | D:12     | Noticed a centaur warrior
 10302 | D:12     | Killed a centaur warrior
 10845 | D:12     | Received a gift from Trog
 10845 | D:12     | Reached XP level 13. HP: 79/110 MP: 18/18
 11325 | Lair:1   | Entered Level 1 of the Lair of Beasts
 11345 | Lair:1   | Noticed Nergalle
 11397 | D:10     | Killed Nergalle
 12285 | Lair:2   | Reached skill level 17 in Maces & Flails
 13407 | Lair:3   | Found a hole to the Spider Nest.
 13795 | Lair:3   | Reached skill level 10 in Evocations
 14353 | Lair:4   | Found a staircase to the Shoals.
 14829 | Lair:4   | Reached ****** piety under Trog
 14883 | Lair:4   | Noticed Kirke
 14953 | Lair:4   | Killed Kirke
 15106 | Lair:4   | Reached XP level 14. HP: 116/118 MP: 20/20
 15162 | Lair:5   | Reached skill level 18 in Maces & Flails
 15202 | Lair:5   | Received a gift from Trog
 16229 | Lair:6   | Entered Level 6 of the Lair of Beasts
 16867 | Lair:6   | Received a gift from Trog
 17447 | Lair:6   | Found a staircase to the Slime Pits.
 17448 | Lair:6   | Found a viscous altar of Jiyva.
 17567 | Lair:6   | Reached skill level 19 in Maces & Flails
 18148 | Lair:6   | Found a runed door.
 18268 | Lair:6   | Reached XP level 15. HP: 75/124 MP: 7/22
 18781 | Orc:1    | Entered Level 1 of the Orcish Mines
 18818 | Orc:1    | Found Qebizece's Food Emporium.
 19110 | Orc:2    | Entered Level 2 of the Orcish Mines
 19131 | Orc:1    | Received a gift from Trog
 19273 | Orc:2    | Reached skill level 1 in Armour
 19284 | Orc:2    | Found Dume's General Store.
 19284 | Orc:2    | Hit by a large rock thrown by a cyclops

Vault maps used:
D:1:      lightli_arrival_boilingwater
D:2:      minitemple, first_bread, uniq_natasha
D:3:      uniq_iyjb, uniq_grinder
D:4:      lemuel_crystal_altar, uniq_sigmund
D:6:      nicolae_overflow_hidden_temple, serial_bayou_pond_c, glass_columns_c,
          nemelex_spade_bored_becter
D:7:      serial_shops, kennysheep_little_box, kennysheep_cross_room,
          uniq_menkaure
D:8:      uniq_joseph
D:9:      basic_altar, hangedman_ranch
D:10:     minmay_lair_entry_grove, kennysheep_generic_room_15
D:11:     erik_orc_2, basic_altar
D:12:     mludivico_vault, nooodl_food_tri, uniq_maurice
D:13:     david_vaults_2
Lair:1:   serial_bayou_shore_b, minmay_lair_oklob_chamber, uniq_nergalle
Lair:3:   nicolae_spider_entry_non_spiders, grunt_megastairs_4,
          lemuel_fruit_tree
Lair:4:   minmay_shoals_entry_centaurs, serial_bayou_shore_a,
          grunt_megastairs_5, uniq_kirke
Lair:5:   wad_woods_minihive, serial_bayou_shore_b
Lair:6:   hangedman_lair_tendril_chambers, wormcave, slime_altar_1,
          minivault_24, infiniplex_staircase_pool_2
Orc:1:    serial_shops, shop, basic_altar
Orc:2:    grunt_orc_gardens, grunt_orc_garden, grunt_orc_garden,
          grunt_orc_garden, grunt_orc_garden, serial_shops, nicolae_shop_stone,
          mines2_lemuel

Skill      XL: |  1  2  3  4  5  6  7  8  9 10 11 12 13 14 15 |
---------------+----------------------------------------------+-----
Maces & Flails | 3 4 5 7 9 10 11 13 15 16 17 19 | 19.4
Evocations     | 3 4 6 7 9 10 11 | 11.4
Armour         | 1 |  1.2
Fighting       | |  2.7
Dodging        | |  2.6

Action                   |  1- 3 |  4- 6 |  7- 9 | 10-12 | 13-15 || total
-------------------------+-------+-------+-------+-------+-------++-------
Melee: Mace              |    88 |   138 |       |       |       ||   226
       Dagger            |       |    51 |   121 |       |       ||   172
       Giant club        |       |       |   197 |   726 |   878 ||  1801
Invok: Berserk           |     1 |     5 |     8 |    17 |    13 ||    44
       Trog's Hand       |       |     2 |     1 |     2 |     3 ||     8
       Brothers in Arms  |       |       |       |       |     4 ||     4
Evoke: Wand              |       |       |    19 |    36 |    27 ||    82
       Lightning rod     |       |       |       |     7 |     9 ||    16
       Sack of spiders   |       |       |       |     1 |       ||     1
       Lamp of fire      |       |       |       |       |     2 ||     2
  Use: Potion            |       |     5 |     1 |       |     3 ||     9
       Scroll            |       |       |     7 |    11 |    17 ||    35
 Stab: Confused          |       |       |     1 |     1 |     1 ||     3
       Sleeping          |       |       |     1 |       |       ||     1
       Distracted        |       |       |       |       |     1 ||     1
  Eat: Chunk             |    16 |    11 |    47 |    66 |   100 ||   240
       Fruit             |       |       |     7 |     2 |     4 ||    13
       Royal jelly       |       |       |       |     2 |       ||     2
Armor: Animal skin       |    33 |    75 |    22 |       |       ||   130
       Robe              |       |       |   128 |   189 |    65 ||   382
       Troll leather arm |       |       |       |   160 |    58 ||   218
       Steam dragon scal |       |       |       |       |   301 ||   301
Dodge: Dodged            |    71 |   109 |   183 |   338 |   446 ||  1147
